Workbook

Sheet 年間集計
A1: 2030年 | D1: ※黄色の枠部分を入力してください | V1: 各月の行事・イベント一覧
V2: 1月 | W2: 2月 | X2: 3月 | Y2: 4月 | Z2: 5月 | AA2: 6月 | AB2: 7月 | AC2: 8月 | AD2: 9月 | AE2: 10月 | AF2: 11月 | AG2: 12月
A3: 現金売上（税込） | B3: ='1月'!B3+'2月'!B3+'3月'!B3+'4月'!B3+'5月'!B3+'6月'!B3+'7月'!B3+'8月'!B3+'9月'!B3+'10月'!B3+'11月'!B3+'12月'!B3 -> 0 | C3: =B3/B5 -> #DIV/0! | V3: ・正月 ・初詣 ・おみくじ ・初日の出 ・年賀状 ・おせち ・お年玉 ・福袋 ・初売り ・受験 ・干支 ・金箔 ・お餅 ・鏡開き ・成人の日（成人式） ・七草 | W3: ・猫の日 （2月22日） ・肉の日 （2月9日） ・節分 （鬼、豆） ・恵方巻 ・バレンタイン ・チョコレート | X3: ・サンキューの日 （3月9日） ・新生活 ・春休み ・桜 ・卒業 ・ホワイトデー ・引っ越し ・ひな祭り ・送別会 ・異動 | Y3: ・新生活用品 ・イースター ・エイプリルフール ・入学 ・入社 ・お花見 ・歓迎会 ・新入社員 ・新入生 ・桜 | Z3: ・新茶 ・母の日 （カーネーション） ・ゴールデンウィーク ・こどもの日 ・こいのぼり ・紫外線対策 | AA3: ・梅雨 ・ボーナス ・あじさい ・父の日 | AB3: ・お中元 ・夏祭り ・夏休み ・花火 ・土用の丑の日 ・七夕 ・海の日 ・冷やし中華 | AC3: ・野菜の日 （8月31日） ・焼肉の日 （8月29日） ・かき氷 ・花火 ・そうめん ・夏フェス ・浴衣 ・自由研究 ・お盆 ・盆踊り ・山の日 | AD3: ・食欲の秋 ・読書の秋 ・秋の味覚 ・お彼岸 ・防災の日 （9月1日） ・お月見 ・ススキ ・敬老の日 | AE3: ・紅葉 ・収穫祭 ・ハロウィン ・スポーツの日 ・運動会 | AF3: ・七五三 ・文化の日 ・勤労感謝の日 ・冬の味覚 | AG3: ・お歳暮 ・ボーナス ・手帳 ・カレンダー ・イルミネーション ・大掃除 ・クリスマス ・忘年会 ・年越しそば ・大晦日 ・冬休み
A4: キャッシュレス売上（税込） | B4: ='1月'!B4+'2月'!B4+'3月'!B4+'4月'!B4+'5月'!B4+'6月'!B4+'7月'!B4+'8月'!B4+'9月'!B4+'10月'!B4+'11月'!B4+'12月'!B4 -> 0 | C4: =B4/B5 -> #DIV/0! | H4: 目標売上の計算 ※右側に各月の行事・イベントをまとめています。自店で実施するイベントフェアや限定メニューの参考にしてください。
A5: 売上合計 | B5: =B3+B4 -> 0 | C5: =C3+C4 -> #DIV/0! | H5: 合計 | I5: 1月 | J5: 2月 | K5: 3月 | L5: 4月 | M5: 5月 | N5: 6月 | O5: 7月 | P5: 8月 | Q5: 9月 | R5: 10月 | S5: 11月 | T5: 12月
A6: 目標売上（税込） | B6: 0 | H6: =SUM(I6:T6) -> 0 | I6: 0 | J6: 0 | K6: 0 | L6: 0 | M6: 0 | N6: 0 | O6: 0 | P6: 0 | Q6: 0 | R6: 0 | S6: 0 | T6: 0
A7: 売上合計－目標売上 | B7: =B5-B6 -> 0
A8: 客数 | B8: ='1月'!B8+'2月'!B8+'3月'!B8+'4月'!B8+'5月'!B8+'6月'!B8+'7月'!B8+'8月'!B8+'9月'!B8+'10月'!B8+'11月'!B8+'12月'!B8 -> 0 | C8: 人 | D8: 客単価 | E8: =B5/B8 -> #DIV/0!
A9: 仕入原価（税込） | B9: ='1月'!B9+'2月'!B9+'3月'!B9+'4月'!B9+'5月'!B9+'6月'!B9+'7月'!B9+'8月'!B9+'9月'!B9+'10月'!B9+'11月'!B9+'12月'!B9 -> 0 | D9: 原価率 | E9: =B9/B5 -> #DIV/0! | F9: 目安：30％前後
A10: 粗利益 | B10: =B5-B9 -> 0 | H10: 目標実質営業利益の計算 ※参考は、上記の目標売上に38％をかけた金額になっています。（FL比率60％、消耗品費2％の想定）
A11: 消耗品費（税込） | B11: ='1月'!B11+'2月'!B11+'3月'!B11+'4月'!B11+'5月'!B11+'6月'!B11+'7月'!B11+'8月'!B11+'9月'!B11+'10月'!B11+'11月'!B11+'12月'!B11 -> 0 | H11: 参考 | I11: 1月 | J11: 2月 | K11: 3月 | L11: 4月 | M11: 5月 | N11: 6月 | O11: 7月 | P11: 8月 | Q11: 9月 | R11: 10月 | S11: 11月 | T11: 12月
A12: 人件費 | B12: ='1月'!B12+'2月'!B12+'3月'!B12+'4月'!B12+'5月'!B12+'6月'!B12+'7月'!B12+'8月'!B12+'9月'!B12+'10月'!B12+'11月'!B12+'12月'!B12 -> 0 | D12: 人件費率 | E12: =B12/B5 -> #DIV/0! | F12: 目安：30％前後 | H12: =SUM(I12:T12) -> 0 | I12: =I6*0.38 -> 0 | J12: =J6*0.38 -> 0 | K12: =K6*0.38 -> 0 | L12: =L6*0.38 -> 0 | M12: =M6*0.38 -> 0 | N12: =N6*0.38 -> 0 | O12: =O6*0.38 -> 0 | P12: =P6*0.38 -> 0 | ... T12: =T6*0.38 -> 0
A13: 実質営業利益 | B13: =B10-B11-B12 -> 0 | H13: 合計 | I13: 1月 | J13: 2月 | K13: 3月 | L13: 4月 | M13: 5月 | N13: 6月 | O13: 7月 | P13: 8月 | Q13: 9月 | R13: 10月 | S13: 11月 | T13: 12月
A14: 目標実質営業利益 | B14: 0 | D14: FLコスト | E14: =B9+B12 -> 0 | H14: =SUM(I14:T14) -> 0 | I14: 0 | J14: 0 | K14: 0 | L14: 0 | M14: 0 | N14: 0 | O14: 0 | P14: 0 | Q14: 0 | R14: 0 | S14: 0 | T14: 0
A15: 実質営業利益－目標実質営業利益 | B15: =B13-B14 -> 0 | D15: FL比率 | E15: =E14/B5 -> #DIV/0! | F15: 目安：60％以下
H17: 各種実績
I18: 1月 | J18: 2月 | K18: 3月 | L18: 4月 | M18: 5月 | N18: 6月 | O18: 7月 | P18: 8月 | Q18: 9月 | R18: 10月 | S18: 11月 | T18: 12月
H19: 売上合計 | I19: ='1月'!B5 -> 0 | J19: ='2月'!B5 -> 0 | K19: ='3月'!B5 -> 0 | L19: ='4月'!B5 -> 0 | M19: ='5月'!B5 -> 0 | N19: ='6月'!B5 -> 0 | O19: ='7月'!B5 -> 0 | P19: ='8月'!B5 -> 0 | Q19: ='9月'!B5 -> 0 | R19: ='10月'!B5 -> 0 | S19: ='11月'!B5 -> 0 | T19: ='12月'!B5 -> 0
H20: 客数 | I20: ='1月'!B8 -> 0 | J20: ='2月'!B8 -> 0 | K20: ='3月'!B8 -> 0 | L20: ='4月'!B8 -> 0 | M20: ='5月'!B8 -> 0 | N20: ='6月'!B8 -> 0 | O20: ='7月'!B8 -> 0 | P20: ='8月'!B8 -> 0 | Q20: ='9月'!B8 -> 0 | R20: ='10月'!B8 -> 0 | S20: ='11月'!B8 -> 0 | T20: ='12月'!B8 -> 0
H21: 実質営業利益 | I21: ='1月'!B13 -> 0 | J21: ='2月'!B13 -> 0 | K21: ='3月'!B13 -> 0 | L21: ='4月'!B13 -> 0 | M21: ='5月'!B13 -> 0 | N21: ='6月'!B13 -> 0 | O21: ='7月'!B13 -> 0 | P21: ='8月'!B13 -> 0 | Q21: ='9月'!B13 -> 0 | R21: ='10月'!B13 -> 0 | S21: ='11月'!B13 -> 0 | T21: ='12月'!B13 -> 0
V23: 自店イベント一覧 ※下記に自店で行っているイベントやフェア、限定メニューなどを記載してください
V24: 1月 | W24: 2月 | X24: 3月 | Y24: 4月 | Z24: 5月 | AA24: 6月 | AB24: 7月 | AC24: 8月 | AD24: 9月 | AE24: 10月 | AF24: 11月 | AG24: 12月
A36: ※Excelの使用方法は、
A37: https://ogamana.com/download/
A38: をご覧ください。
A40: ©2025 緒方経営相談所
A41: 無断転載・再配布・複製はご遠慮ください。
A42: https://ogamana.com

Sheet 前年・前々年比較
A1: 今年の各種実績 | O1: ※黄色の枠部分を入力してください
B2: 1月 | C2: 2月 | D2: 3月 | E2: 4月 | F2: 5月 | G2: 6月 | H2: 7月 | I2: 8月 | J2: 9月 | K2: 10月 | L2: 11月 | M2: 12月 | O2: ※物価高の状況に合わせて値上げしている場合、同じ注文数だと売上などの金額も上がります。
A3: 売上合計 | B3: ='1月'!B5 -> 0 | C3: ='2月'!B5 -> 0 | D3: ='3月'!B5 -> 0 | E3: ='4月'!B5 -> 0 | F3: ='5月'!B5 -> 0 | G3: ='6月'!B5 -> 0 | H3: ='7月'!B5 -> 0 | I3: ='8月'!B5 -> 0 | J3: ='9月'!B5 -> 0 | K3: ='10月'!B5 -> 0 | L3: ='11月'!B5 -> 0 | M3: ='12月'!B5 -> 0 | O3: 金額だけではなく、原価率などの割合（率）のチェックも重要です。
A4: 客数 | B4: ='1月'!B8 -> 0 | C4: ='2月'!B8 -> 0 | D4: ='3月'!B8 -> 0 | E4: ='4月'!B8 -> 0 | F4: ='5月'!B8 -> 0 | G4: ='6月'!B8 -> 0 | H4: ='7月'!B8 -> 0 | I4: ='8月'!B8 -> 0 | J4: ='9月'!B8 -> 0 | K4: ='10月'!B8 -> 0 | L4: ='11月'!B8 -> 0 | M4: ='12月'!B8 -> 0
A5: 実質営業利益 | B5: ='1月'!B13 -> 0 | C5: ='2月'!B13 -> 0 | D5: ='3月'!B13 -> 0 | E5: ='4月'!B13 -> 0 | F5: ='5月'!B13 -> 0 | G5: ='6月'!B13 -> 0 | H5: ='7月'!B13 -> 0 | I5: ='8月'!B13 -> 0 | J5: ='9月'!B13 -> 0 | K5: ='10月'!B13 -> 0 | L5: ='11月'!B13 -> 0 | M5: ='12月'!B13 -> 0
A6: 原価率 | B6: ='1月'!E9 -> #DIV/0! | C6: ='2月'!E9 -> #DIV/0! | D6: ='3月'!E9 -> #DIV/0! | E6: ='4月'!E9 -> #DIV/0! | F6: ='5月'!E9 -> #DIV/0! | G6: ='6月'!E9 -> #DIV/0! | H6: ='7月'!E9 -> #DIV/0! | I6: ='8月'!E9 -> #DIV/0! | J6: ='9月'!E9 -> #DIV/0! | K6: ='10月'!E9 -> #DIV/0! | L6: ='11月'!E9 -> #DIV/0! | M6: ='12月'!E9 -> #DIV/0!
A7: 人件費率 | B7: ='1月'!E12 -> #DIV/0! | C7: ='2月'!E12 -> #DIV/0! | D7: ='3月'!E12 -> #DIV/0! | E7: ='4月'!E12 -> #DIV/0! | F7: ='5月'!E12 -> #DIV/0! | G7: ='6月'!E12 -> #DIV/0! | H7: ='7月'!E12 -> #DIV/0! | I7: ='8月'!E12 -> #DIV/0! | J7: ='9月'!E12 -> #DIV/0! | K7: ='10月'!E12 -> #DIV/0! | L7: ='11月'!E12 -> #DIV/0! | M7: ='12月'!E12 -> #DIV/0!
A8: FL比率 | B8: ='1月'!E15 -> #DIV/0! | C8: ='2月'!E15 -> #DIV/0! | D8: ='3月'!E15 -> #DIV/0! | E8: ='4月'!E15 -> #DIV/0! | F8: ='5月'!E15 -> #DIV/0! | G8: ='6月'!E15 -> #DIV/0! | H8: ='7月'!E15 -> #DIV/0! | I8: ='8月'!E15 -> #DIV/0! | J8: ='9月'!E15 -> #DIV/0! | K8: ='10月'!E15 -> #DIV/0! | L8: ='11月'!E15 -> #DIV/0! | M8: ='12月'!E15 -> #DIV/0!
A10: 前年の各種実績
B11: 1月 | C11: 2月 | D11: 3月 | E11: 4月 | F11: 5月 | G11: 6月 | H11: 7月 | I11: 8月 | J11: 9月 | K11: 10月 | L11: 11月 | M11: 12月
A12: 前年売上合計 | B12: 0 | C12: 0 | D12: 0 | E12: 0 | F12: 0 | G12: 0 | H12: 0 | I12: 0 | J12: 0 | K12: 0 | L12: 0 | M12: 0
A13: 前年客数 | B13: 0 | C13: 0 | D13: 0 | E13: 0 | F13: 0 | G13: 0 | H13: 0 | I13: 0 | J13: 0 | K13: 0 | L13: 0 | M13: 0
A14: 前年実質営業利益 | B14: 0 | C14: 0 | D14: 0 | E14: 0 | F14: 0 | G14: 0 | H14: 0 | I14: 0 | J14: 0 | K14: 0 | L14: 0 | M14: 0
A15: 前年原価率 | B15: 0 | C15: 0 | D15: 0 | E15: 0 | F15: 0 | G15: 0 | H15: 0 | I15: 0 | J15: 0 | K15: 0 | L15: 0 | M15: 0
A16: 前年人件費率 | B16: 0 | C16: 0 | D16: 0 | E16: 0 | F16: 0 | G16: 0 | H16: 0 | I16: 0 | J16: 0 | K16: 0 | L16: 0 | M16: 0
A17: 前年FL比率 | B17: 0 | C17: 0 | D17: 0 | E17: 0 | F17: 0 | G17: 0 | H17: 0 | I17: 0 | J17: 0 | K17: 0 | L17: 0 | M17: 0
A19: 前々年の各種実績
B20: 1月 | C20: 2月 | D20: 3月 | E20: 4月 | F20: 5月 | G20: 6月 | H20: 7月 | I20: 8月 | J20: 9月 | K20: 10月 | L20: 11月 | M20: 12月
A21: 前々年売上合計 | B21: 0 | C21: 0 | D21: 0 | E21: 0 | F21: 0 | G21: 0 | H21: 0 | I21: 0 | J21: 0 | K21: 0 | L21: 0 | M21: 0
A22: 前々年客数 | B22: 0 | C22: 0 | D22: 0 | E22: 0 | F22: 0 | G22: 0 | H22: 0 | I22: 0 | J22: 0 | K22: 0 | L22: 0 | M22: 0
A23: 前々年実質営業利益 | B23: 0 | C23: 0 | D23: 0 | E23: 0 | F23: 0 | G23: 0 | H23: 0 | I23: 0 | J23: 0 | K23: 0 | L23: 0 | M23: 0
A24: 前々年原価率 | B24: 0 | C24: 0 | D24: 0 | E24: 0 | F24: 0 | G24: 0 | H24: 0 | I24: 0 | J24: 0 | K24: 0 | L24: 0 | M24: 0
A25: 前々年人件費率 | B25: 0 | C25: 0 | D25: 0 | E25: 0 | F25: 0 | G25: 0 | H25: 0 | I25: 0 | J25: 0 | K25: 0 | L25: 0 | M25: 0
A26: 前々年FL比率 | B26: 0 | C26: 0 | D26: 0 | E26: 0 | F26: 0 | G26: 0 | H26: 0 | I26: 0 | J26: 0 | K26: 0 | L26: 0 | M26: 0
A28: 各種合計実績
B29: 前々年 | C29: 前年 | D29: 今年
A30: （年間）売上合計 | B30: 0 | C30: 0 | D30: =年間集計!B5 -> 0
A31: （年間）客数 | B31: 0 | C31: 0 | D31: =年間集計!B8 -> 0
A32: （年間）実質営業利益 | B32: 0 | C32: 0 | D32: =年間集計!B13 -> 0
A33: （年間）原価率 | B33: 0 | C33: 0 | D33: =年間集計!E9 -> #DIV/0!
A34: （年間）人件費率 | B34: 0 | C34: 0 | D34: =年間集計!E12 -> #DIV/0!
A35: （年間）FL比率 | B35: 0 | C35: 0 | D35: =年間集計!E15 -> #DIV/0!
A40: ©2025 緒方経営相談所

Sheet 1月
A1: 1月 | D1: ※「月次・日報集計Excel」から対象部分をコピーして、黄色の枠部分に貼り付けてください。（「値」貼付）
D2: うまくコピー・貼付けができない場合は、直接入力してください。
A3: 現金売上（税込） | B3: 0 | C3: =B3/B5 -> #DIV/0!
A4: キャッシュレス売上（税込） | B4: 0 | C4: =B4/B5 -> #DIV/0!
A5: 売上合計 | B5: 0 | C5: =C3+C4 -> #DIV/0!
A6: 目標売上（税込） | B6: 0
A7: 売上合計－目標売上 | B7: 0
A8: 客数 | B8: 0 | C8: 人 | D8: 客単価 | E8: =B5/B8 -> #DIV/0!
A9: 仕入原価（税込） | B9: 0 | D9: 原価率 | E9: =B9/B5 -> #DIV/0! | F9: 目安：30％前後
A10: 粗利益 | B10: 0
A11: 消耗品費（税込） | B11: 0
A12: 人件費 | B12: 0 | D12: 人件費率 | E12: =B12/B5 -> #DIV/0! | F12: 目安：30％前後
A13: 実質営業利益 | B13: 0
A14: 目標実質営業利益 | B14: 0 | D14: FLコスト | E14: =B9+B12 -> 0
A15: 実質営業利益－目標実質営業利益 | B15: 0 | D15: FL比率 | E15: =E14/B5 -> #DIV/0! | F15: 目安：60％以下
A21: ©2025 緒方経営相談所

Sheet 2月
A1: 2月 | D1: ※「月次・日報集計Excel」から対象部分をコピーして、黄色の枠部分に貼り付けてください。（「値」貼付）
D2: うまくコピー・貼付けができない場合は、直接入力してください。
A3: 現金売上（税込） | B3: 0 | C3: =B3/B5 -> #DIV/0!
A4: キャッシュレス売上（税込） | B4: 0 | C4: =B4/B5 -> #DIV/0!
A5: 売上合計 | B5: 0 | C5: =C3+C4 -> #DIV/0!
A6: 目標売上（税込） | B6: 0
A7: 売上合計－目標売上 | B7: 0
A8: 客数 | B8: 0 | C8: 人 | D8: 客単価 | E8: =B5/B8 -> #DIV/0!
A9: 仕入原価（税込） | B9: 0 | D9: 原価率 | E9: =B9/B5 -> #DIV/0! | F9: 目安：30％前後
A10: 粗利益 | B10: 0
A11: 消耗品費（税込） | B11: 0
A12: 人件費 | B12: 0 | D12: 人件費率 | E12: =B12/B5 -> #DIV/0! | F12: 目安：30％前後
A13: 実質営業利益 | B13: 0
A14: 目標実質営業利益 | B14: 0 | D14: FLコスト | E14: =B9+B12 -> 0
A15: 実質営業利益－目標実質営業利益 | B15: 0 | D15: FL比率 | E15: =E14/B5 -> #DIV/0! | F15: 目安：60％以下
A21: ©2025 緒方経営相談所

Sheet 3月
A1: 3月 | D1: ※「月次・日報集計Excel」から対象部分をコピーして、黄色の枠部分に貼り付けてください。（「値」貼付）
D2: うまくコピー・貼付けができない場合は、直接入力してください。
A3: 現金売上（税込） | B3: 0 | C3: =B3/B5 -> #DIV/0!
A4: キャッシュレス売上（税込） | B4: 0 | C4: =B4/B5 -> #DIV/0!
A5: 売上合計 | B5: 0 | C5: =C3+C4 -> #DIV/0!
A6: 目標売上（税込） | B6: 0
A7: 売上合計－目標売上 | B7: 0
A8: 客数 | B8: 0 | C8: 人 | D8: 客単価 | E8: =B5/B8 -> #DIV/0!
A9: 仕入原価（税込） | B9: 0 | D9: 原価率 | E9: =B9/B5 -> #DIV/0! | F9: 目安：30％前後
A10: 粗利益 | B10: 0
A11: 消耗品費（税込） | B11: 0
A12: 人件費 | B12: 0 | D12: 人件費率 | E12: =B12/B5 -> #DIV/0! | F12: 目安：30％前後
A13: 実質営業利益 | B13: 0
A14: 目標実質営業利益 | B14: 0 | D14: FLコスト | E14: =B9+B12 -> 0
A15: 実質営業利益－目標実質営業利益 | B15: 0 | D15: FL比率 | E15: =E14/B5 -> #DIV/0! | F15: 目安：60％以下
A21: ©2025 緒方経営相談所

Sheet 4月
A1: 4月 | D1: ※「月次・日報集計Excel」から対象部分をコピーして、黄色の枠部分に貼り付けてください。（「値」貼付）
D2: うまくコピー・貼付けができない場合は、直接入力してください。
A3: 現金売上（税込） | B3: 0 | C3: =B3/B5 -> #DIV/0!
A4: キャッシュレス売上（税込） | B4: 0 | C4: =B4/B5 -> #DIV/0!
A5: 売上合計 | B5: 0 | C5: =C3+C4 -> #DIV/0!
A6: 目標売上（税込） | B6: 0
A7: 売上合計－目標売上 | B7: 0
A8: 客数 | B8: 0 | C8: 人 | D8: 客単価 | E8: =B5/B8 -> #DIV/0!
A9: 仕入原価（税込） | B9: 0 | D9: 原価率 | E9: =B9/B5 -> #DIV/0! | F9: 目安：30％前後
A10: 粗利益 | B10: 0
A11: 消耗品費（税込） | B11: 0
A12: 人件費 | B12: 0 | D12: 人件費率 | E12: =B12/B5 -> #DIV/0! | F12: 目安：30％前後
A13: 実質営業利益 | B13: 0
A14: 目標実質営業利益 | B14: 0 | D14: FLコスト | E14: =B9+B12 -> 0
A15: 実質営業利益－目標実質営業利益 | B15: 0 | D15: FL比率 | E15: =E14/B5 -> #DIV/0! | F15: 目安：60％以下
A21: ©2025 緒方経営相談所

Sheet 5月
A1: 5月 | D1: ※「月次・日報集計Excel」から対象部分をコピーして、黄色の枠部分に貼り付けてください。（「値」貼付）
D2: うまくコピー・貼付けができない場合は、直接入力してください。
A3: 現金売上（税込） | B3: 0 | C3: =B3/B5 -> #DIV/0!
A4: キャッシュレス売上（税込） | B4: 0 | C4: =B4/B5 -> #DIV/0!
A5: 売上合計 | B5: 0 | C5: =C3+C4 -> #DIV/0!
A6: 目標売上（税込） | B6: 0
A7: 売上合計－目標売上 | B7: 0
A8: 客数 | B8: 0 | C8: 人 | D8: 客単価 | E8: =B5/B8 -> #DIV/0!
A9: 仕入原価（税込） | B9: 0 | D9: 原価率 | E9: =B9/B5 -> #DIV/0! | F9: 目安：30％前後
A10: 粗利益 | B10: 0
A11: 消耗品費（税込） | B11: 0
A12: 人件費 | B12: 0 | D12: 人件費率 | E12: =B12/B5 -> #DIV/0! | F12: 目安：30％前後
A13: 実質営業利益 | B13: 0
A14: 目標実質営業利益 | B14: 0 | D14: FLコスト | E14: =B9+B12 -> 0
A15: 実質営業利益－目標実質営業利益 | B15: 0 | D15: FL比率 | E15: =E14/B5 -> #DIV/0! | F15: 目安：60％以下
A21: ©2025 緒方経営相談所

Sheet 6月
A1: 6月 | D1: ※「月次・日報集計Excel」から対象部分をコピーして、黄色の枠部分に貼り付けてください。（「値」貼付）
D2: うまくコピー・貼付けができない場合は、直接入力してください。
A3: 現金売上（税込） | B3: 0 | C3: =B3/B5 -> #DIV/0!
A4: キャッシュレス売上（税込） | B4: 0 | C4: =B4/B5 -> #DIV/0!
A5: 売上合計 | B5: 0 | C5: =C3+C4 -> #DIV/0!
A6: 目標売上（税込） | B6: 0
A7: 売上合計－目標売上 | B7: 0
A8: 客数 | B8: 0 | C8: 人 | D8: 客単価 | E8: =B5/B8 -> #DIV/0!
A9: 仕入原価（税込） | B9: 0 | D9: 原価率 | E9: =B9/B5 -> #DIV/0! | F9: 目安：30％前後
A10: 粗利益 | B10: 0
A11: 消耗品費（税込） | B11: 0
A12: 人件費 | B12: 0 | D12: 人件費率 | E12: =B12/B5 -> #DIV/0! | F12: 目安：30％前後
A13: 実質営業利益 | B13: 0
A14: 目標実質営業利益 | B14: 0 | D14: FLコスト | E14: =B9+B12 -> 0
A15: 実質営業利益－目標実質営業利益 | B15: 0 | D15: FL比率 | E15: =E14/B5 -> #DIV/0! | F15: 目安：60％以下
A21: ©2025 緒方経営相談所

Sheet 7月
A1: 7月 | D1: ※「月次・日報集計Excel」から対象部分をコピーして、黄色の枠部分に貼り付けてください。（「値」貼付）
D2: うまくコピー・貼付けができない場合は、直接入力してください。
A3: 現金売上（税込） | B3: 0 | C3: =B3/B5 -> #DIV/0!
A4: キャッシュレス売上（税込） | B4: 0 | C4: =B4/B5 -> #DIV/0!
A5: 売上合計 | B5: 0 | C5: =C3+C4 -> #DIV/0!
A6: 目標売上（税込） | B6: 0
A7: 売上合計－目標売上 | B7: 0
A8: 客数 | B8: 0 | C8: 人 | D8: 客単価 | E8: =B5/B8 -> #DIV/0!
A9: 仕入原価（税込） | B9: 0 | D9: 原価率 | E9: =B9/B5 -> #DIV/0! | F9: 目安：30％前後
A10: 粗利益 | B10: 0
A11: 消耗品費（税込） | B11: 0
A12: 人件費 | B12: 0 | D12: 人件費率 | E12: =B12/B5 -> #DIV/0! | F12: 目安：30％前後
A13: 実質営業利益 | B13: 0
A14: 目標実質営業利益 | B14: 0 | D14: FLコスト | E14: =B9+B12 -> 0
A15: 実質営業利益－目標実質営業利益 | B15: 0 | D15: FL比率 | E15: =E14/B5 -> #DIV/0! | F15: 目安：60％以下
A21: ©2025 緒方経営相談所

Sheet 8月
A1: 8月 | D1: ※「月次・日報集計Excel」から対象部分をコピーして、黄色の枠部分に貼り付けてください。（「値」貼付）
D2: うまくコピー・貼付けができない場合は、直接入力してください。
A3: 現金売上（税込） | B3: 0 | C3: =B3/B5 -> #DIV/0!
A4: キャッシュレス売上（税込） | B4: 0 | C4: =B4/B5 -> #DIV/0!
A5: 売上合計 | B5: 0 | C5: =C3+C4 -> #DIV/0!
A6: 目標売上（税込） | B6: 0
A7: 売上合計－目標売上 | B7: 0
A8: 客数 | B8: 0 | C8: 人 | D8: 客単価 | E8: =B5/B8 -> #DIV/0!
A9: 仕入原価（税込） | B9: 0 | D9: 原価率 | E9: =B9/B5 -> #DIV/0! | F9: 目安：30％前後
A10: 粗利益 | B10: 0
A11: 消耗品費（税込） | B11: 0
A12: 人件費 | B12: 0 | D12: 人件費率 | E12: =B12/B5 -> #DIV/0! | F12: 目安：30％前後
A13: 実質営業利益 | B13: 0
A14: 目標実質営業利益 | B14: 0 | D14: FLコスト | E14: =B9+B12 -> 0
A15: 実質営業利益－目標実質営業利益 | B15: 0 | D15: FL比率 | E15: =E14/B5 -> #DIV/0! | F15: 目安：60％以下
A21: ©2025 緒方経営相談所

Sheet 9月
A1: 9月 | D1: ※「月次・日報集計Excel」から対象部分をコピーして、黄色の枠部分に貼り付けてください。（「値」貼付）
D2: うまくコピー・貼付けができない場合は、直接入力してください。
A3: 現金売上（税込） | B3: 0 | C3: =B3/B5 -> #DIV/0!
A4: キャッシュレス売上（税込） | B4: 0 | C4: =B4/B5 -> #DIV/0!
A5: 売上合計 | B5: 0 | C5: =C3+C4 -> #DIV/0!
A6: 目標売上（税込） | B6: 0
A7: 売上合計－目標売上 | B7: 0
A8: 客数 | B8: 0 | C8: 人 | D8: 客単価 | E8: =B5/B8 -> #DIV/0!
A9: 仕入原価（税込） | B9: 0 | D9: 原価率 | E9: =B9/B5 -> #DIV/0! | F9: 目安：30％前後
A10: 粗利益 | B10: 0
A11: 消耗品費（税込） | B11: 0
A12: 人件費 | B12: 0 | D12: 人件費率 | E12: =B12/B5 -> #DIV/0! | F12: 目安：30％前後
A13: 実質営業利益 | B13: 0
A14: 目標実質営業利益 | B14: 0 | D14: FLコスト | E14: =B9+B12 -> 0
A15: 実質営業利益－目標実質営業利益 | B15: 0 | D15: FL比率 | E15: =E14/B5 -> #DIV/0! | F15: 目安：60％以下
A21: ©2025 緒方経営相談所

Sheet 10月
A1: 10月 | D1: ※「月次・日報集計Excel」から対象部分をコピーして、黄色の枠部分に貼り付けてください。（「値」貼付）
D2: うまくコピー・貼付けができない場合は、直接入力してください。
A3: 現金売上（税込） | B3: 0 | C3: =B3/B5 -> #DIV/0!
A4: キャッシュレス売上（税込） | B4: 0 | C4: =B4/B5 -> #DIV/0!
A5: 売上合計 | B5: 0 | C5: =C3+C4 -> #DIV/0!
A6: 目標売上（税込） | B6: 0
A7: 売上合計－目標売上 | B7: 0
A8: 客数 | B8: 0 | C8: 人 | D8: 客単価 | E8: =B5/B8 -> #DIV/0!
A9: 仕入原価（税込） | B9: 0 | D9: 原価率 | E9: =B9/B5 -> #DIV/0! | F9: 目安：30％前後
A10: 粗利益 | B10: 0
A11: 消耗品費（税込） | B11: 0
A12: 人件費 | B12: 0 | D12: 人件費率 | E12: =B12/B5 -> #DIV/0! | F12: 目安：30％前後
A13: 実質営業利益 | B13: 0
A14: 目標実質営業利益 | B14: 0 | D14: FLコスト | E14: =B9+B12 -> 0
A15: 実質営業利益－目標実質営業利益 | B15: 0 | D15: FL比率 | E15: =E14/B5 -> #DIV/0! | F15: 目安：60％以下
A21: ©2025 緒方経営相談所

Sheet 11月
A1: 11月 | D1: ※「月次・日報集計Excel」から対象部分をコピーして、黄色の枠部分に貼り付けてください。（「値」貼付）
D2: うまくコピー・貼付けができない場合は、直接入力してください。
A3: 現金売上（税込） | B3: 0 | C3: =B3/B5 -> #DIV/0!
A4: キャッシュレス売上（税込） | B4: 0 | C4: =B4/B5 -> #DIV/0!
A5: 売上合計 | B5: 0 | C5: =C3+C4 -> #DIV/0!
A6: 目標売上（税込） | B6: 0
A7: 売上合計－目標売上 | B7: 0
A8: 客数 | B8: 0 | C8: 人 | D8: 客単価 | E8: =B5/B8 -> #DIV/0!
A9: 仕入原価（税込） | B9: 0 | D9: 原価率 | E9: =B9/B5 -> #DIV/0! | F9: 目安：30％前後
A10: 粗利益 | B10: 0
A11: 消耗品費（税込） | B11: 0
A12: 人件費 | B12: 0 | D12: 人件費率 | E12: =B12/B5 -> #DIV/0! | F12: 目安：30％前後
A13: 実質営業利益 | B13: 0
A14: 目標実質営業利益 | B14: 0 | D14: FLコスト | E14: =B9+B12 -> 0
A15: 実質営業利益－目標実質営業利益 | B15: 0 | D15: FL比率 | E15: =E14/B5 -> #DIV/0! | F15: 目安：60％以下
A21: ©2025 緒方経営相談所

Sheet 12月
A1: 12月 | D1: ※「月次・日報集計Excel」から対象部分をコピーして、黄色の枠部分に貼り付けてください。（「値」貼付）
D2: うまくコピー・貼付けができない場合は、直接入力してください。
A3: 現金売上（税込） | B3: 0 | C3: =B3/B5 -> #DIV/0!
A4: キャッシュレス売上（税込） | B4: 0 | C4: =B4/B5 -> #DIV/0!
A5: 売上合計 | B5: 0 | C5: =C3+C4 -> #DIV/0!
A6: 目標売上（税込） | B6: 0
A7: 売上合計－目標売上 | B7: 0
A8: 客数 | B8: 0 | C8: 人 | D8: 客単価 | E8: =B5/B8 -> #DIV/0!
A9: 仕入原価（税込） | B9: 0 | D9: 原価率 | E9: =B9/B5 -> #DIV/0! | F9: 目安：30％前後
A10: 粗利益 | B10: 0
A11: 消耗品費（税込） | B11: 0
A12: 人件費 | B12: 0 | D12: 人件費率 | E12: =B12/B5 -> #DIV/0! | F12: 目安：30％前後
A13: 実質営業利益 | B13: 0
A14: 目標実質営業利益 | B14: 0 | D14: FLコスト | E14: =B9+B12 -> 0
A15: 実質営業利益－目標実質営業利益 | B15: 0 | D15: FL比率 | E15: =E14/B5 -> #DIV/0! | F15: 目安：60％以下
A21: ©2025 緒方経営相談所
